 Dungeon Sprint DCSS version 0.25.1-2-g60ff931df9 (webtiles) character file.

Game seed: 5144053162478287205

40096 howech the Victor of a Thousand Battles (level 14, -2/119 HPs)
             Began as a Gnoll Fire Elementalist on Oct 24, 2020.
             Was the Champion of Okawaru.
             Killed from afar by a purple draconian (26 damage)
             ... with a bolt of dispelling energy
             ... in the Dungeon (Sprint V: "Ziggurat Sprint").
             The game lasted 00:16:43 (2331 turns).

howech the Victor of a Thousand Battles (GnFE)      Turns: 2331, Time: 00:16:43

Health: -2/119     AC: 26    Str: 11    XL:     14   Next: 9%
Magic:  25/41      EV: 18    Int: 26    God:    Okawaru [******]
Gold:   0          SH: 34    Dex: 27    Spells: 18/41 levels left

rFire    + + .     SeeInvis .   K - +7 Screaming Sword {vorpal, sonic wave}
rCold    . . .     Gourm    .   J - +18 shield of the Gong {rElec rN+ MR+ EV-5}
rNeg     + . .     Faith    .   b - +5 fire dragon scales
rPois    .         Spirit   .   (no helmet)
rElec    +         Reflect  .   n - +1 cloak {MR+}
rCorr    .         Harm     .   V - +2 pair of gloves {Dex+3}
MR       +++..     NoTele   +   (no boots)
Stlth    +++++.....             Y - amulet of Exuh {RegenMP Int+3}
HPRegen  0.29/turn              C - +6 ring of dexterity
MPRegen  0.52/turn              X - ring of Pynoget {rC+ MP+9 Dex+3 Slay+3 Stlth-}

@: heroism, finesse
A: distributed training, fangs 1, strong nose
a: Heroism, Finesse, Renounce Religion


You were in the Dungeon.
You worshipped Okawaru.
Okawaru was exalted by your worship.
You were hungry.

You visited 1 branch

Inventory:

Hand Weapons
 p - the +10 short sword of Mosif {vamp, rElec Int+3 Dex+4}
   (You found it in the Dungeon)

   It inflicts no extra harm, but heals its wielder when it wounds a living foe.
   It affects your intelligence (+3).
   It affects your dexterity (+4).
   It insulates you from electricity.
 K - the +7 Screaming Sword (weapon) {vorpal, sonic wave}
   (You found it in the Dungeon)

   It inflicts extra damage upon your enemies.
 O - the +8 battleaxe of Duti {vorpal, rC++ Dex+4}
   (Okawaru gifted it to you in the Dungeon)

   It inflicts extra damage upon your enemies.
   It affects your dexterity (+4).
   It greatly protects you from cold.
 S - the +12 Vampire's Tooth {vamp}
   (You found it in the Dungeon)

   It inflicts no extra harm, but heals its wielder when it wounds a living foe.
 Z - the +0 staff of Battle
   (You found it in the Dungeon)
Armour
 a - a +0 robe
 b - +5 fire dragon scales (worn)
 j - +5 gold dragon scales
 k - +5 shadow dragon scales
 l - +5 storm dragon scales
 n - a +1 cloak of magic resistance (worn)
 J - the +18 shield of the Gong (worn) {rElec rN+ MR+ EV-5}
   (You found it in the Dungeon)

   It affects your evasion (-5).
   It insulates you from electricity.
   It protects you from negative energy.
   It affects your resistance to hostile enchantments.
 N - a +2 robe of magic resistance
 V - a +2 pair of gloves of dexterity (worn)
Magical Staves
 T - an uncursed staff of wizardry
Jewellery
 B - an uncursed ring of flight
 C - a +6 ring of dexterity (left hand)
 D - a +6 ring of dexterity
 E - a +6 ring of intelligence
 F - a +6 ring of intelligence
 G - a +6 ring of strength
 H - a +6 ring of strength
 M - a +4 ring of slaying
 P - the ring of Konafeoc {rPois rC+}
   (You found it in the Dungeon)

   [ring of protection from cold]

   It protects you from cold.
   It protects you from poison.
 X - the ring of Pynoget (right hand) {rC+ MP+9 Dex+3 Slay+3 Stlth-}
   (You found it in the Dungeon)

   [ring of protection from cold]

   It affects your dexterity (+3).
   It affects your accuracy and damage with ranged weapons and melee attacks
   (+3).
   It protects you from cold.
   It affects your magic capacity (+9).
   It makes you less stealthy.
 Y - the amulet of Exuh (around neck) {RegenMP Int+3}
   (You found it in the Dungeon)

   [amulet of magic regeneration]

   It increases your magic regeneration.
   It affects your intelligence (+3).
Wands
 y - a wand of disintegration (7)
 z - a wand of iceblast (5)
 A - a wand of acid (7)
Scrolls
 i - 4 scrolls of blinking
 s - 4 scrolls of amnesia
 t - 7 scrolls of fog
 u - a scroll of holy word
 v - 2 scrolls of identify
 w - 5 scrolls of remove curse
 x - 2 scrolls of fear
 R - a scroll of brand weapon
Potions
 d - 10 potions of curing
 e - 9 potions of heal wounds
 f - a potion of haste
 g - 7 potions of magic
 h - 3 potions of berserk rage
 m - a potion of brilliance
 o - 4 potions of resistance
 q - 4 potions of stabbing
 r - 5 potions of might
Miscellaneous
 I - a lightning rod (4/4)
Comestibles
 c - 8 rations


   Skills:
 + Level 13.6(18.6) Fighting
 + Level 13.6(18.6) Short Blades
 + Level 13.6(18.6) Long Blades
 + Level 13.6(18.6) Axes
 + Level 13.6(18.6) Maces & Flails
 + Level 13.6(18.6) Polearms
 + Level 13.6(18.6) Staves
 + Level 13.6(18.6) Slings
 + Level 13.6(18.6) Bows
 + Level 13.6(18.6) Crossbows
 + Level 13.6(18.6) Throwing
 + Level 13.6(18.6) Armour
 + Level 14.2(19.2) Dodging
 + Level 14.2(19.2) Stealth
 + Level 13.6(18.6) Shields
 + Level 13.6(18.6) Unarmed Combat
 + Level 14.4 Spellcasting
 + Level 11.9 Conjurations
 + Level 11.7 Hexes
 + Level 11.7 Charms
 + Level 11.7 Summonings
 + Level 11.7 Necromancy
 + Level 11.7 Translocations
 + Level 11.7 Transmutations
 + Level 12.8 Fire Magic
 + Level 11.7 Ice Magic
 + Level 11.7 Air Magic
 + Level 11.7 Earth Magic
 + Level 11.7 Poison Magic
 + Level 14.7 Invocations
 + Level 13.6 Evocations


You had 18 spell levels left.
You knew the following spells:

 Your Spells              Type           Power        Failure   Level  Hunger
a - Foxfire               Conj/Fire      ####         1%          1    None
b - Fireball              Conj/Fire      ######....   1%          5    ##.....
c - Shatter               Erth           ######....   100%        9    #######
d - Discord               Hex            ######....   99%         8    #######

Your spell library contained the following spells:

 Spells                   Type           Power        Failure   Level  Hunger
 Animate Skeleton         Necr           N/A          1%          1    None
 Freeze                   Ice            ####         1%          1    None
 Infusion                 Chrm           ####         1%          1    None
 Sandblast                Erth           ######       1%          1    None
 Sting                    Tmut/Pois      ####         1%          1    None
 Summon Butterflies       Summ           ######..     1%          1    None
 Corpse Rot               Necr/Air       N/A          1%          2    None
 Poisonous Vapours        Pois/Air       ######       1%          2    None
 Call Canine Familiar     Summ           ######..     1%          3    None
 Conjure Flame            Conj/Fire      ######..     1%          3    None
 Ignite Poison            Fire/Tmut/Pois ######..     1%          3    None
 Inner Flame              Hex/Fire       ######..     1%          3    None
 Mephitic Cloud           Conj/Pois/Air  ######..     1%          3    None
 Recall                   Summ/Tloc      N/A          1%          3    None
 Stone Arrow              Conj/Erth      ######       1%          3    None
 Animate Dead             Necr           N/A          1%          4    None
 Cause Fear               Hex            ######....   1%          4    None
 Ice Form                 Ice/Tmut       ######..     1%          4    None
 Olgreb's Toxic Radiance  Pois           ######..     1%          4    None
 Sticky Flame             Conj/Fire      ######..     1%          4    None
 Summon Ice Beast         Ice/Summ       ######..     1%          4    None
 Agony                    Necr           ######..     2%          5    ##.....
 Borgnjor's Vile Clutch   Necr/Erth      ######....   2%          5    ##.....
 Irradiate                Conj/Tmut      ######....   2%          5    ##.....
 Iskenderun's Battlesphe  Conj/Chrm      ######..     2%          5    ##.....
 Lee's Rapid Deconstruct  Erth           ######....   2%          5    ##.....
 Silence                  Hex/Air        ######....   2%          5    ##.....
 Summon Forest            Summ/Tloc      ######....   2%          5    ##.....
 Summon Mana Viper        Hex/Summ       ######..     2%          5    ##.....
 Yara's Violent Unravell  Hex/Tmut       ######....   2%          5    ##.....
 Death Channel            Necr           ######....   13%         6    ####...
 Eringya's Noxious Bog    Tmut/Pois      ######....   13%         6    ####...
 Freezing Cloud           Conj/Ice/Air   ######....   13%         6    ####...
 Hydra Form               Tmut           ######....   13%         6    ####...
 Simulacrum               Ice/Necr       ######....   13%         6    ####...
 Statue Form              Tmut/Erth      ######...    13%         6    ####...
 Ring of Flames           Chrm/Fire      ######....   52%         7    ######.
 Dragon Form              Tmut           ######....   58%         7    ######.
 Malign Gateway           Summ/Tloc      ######....   58%         7    ######.
 Monstrous Menagerie      Summ           ######....   58%         7    ######.
 Summon Greater Demon     Summ           ######....   58%         7    ######.
 Summon Hydra             Summ           ######....   58%         7    ######.
 Summon Horrible Things   Summ           ######....   99%         8    #######


Dungeon Overview and Level Annotations

Branches:
Dungeon (1/1)

Altars:
Ashenzari
Cheibriados
Dithmenos
Elyvilon
Fedhas
Gozag
Hepliaklqana
Kikubaaqudgha
Makhleb
Nemelex Xobeh
Okawaru
Qazlal
Ru
Sif Muna
Trog
Uskayaw
Vehumet
Wu Jian
Xom
Yredelemnul
Zin
The Shining One
Beogh
Jiyva
Lugonu


Innate Abilities, Weirdness & Mutations

Your experience applies equally to all skills.
You have very sharp teeth.
Your uncanny sense of smell can sniff out nearby items.


Message History

You kill the purple draconian!
Okawaru accepts your kill.
The green draconian is severely wounded.
The red draconian is almost dead.
The black draconian annihilator is heavily wounded.
The purple draconian is moderately wounded.
You are engulfed in blazing flames.
You resist. You block the green draconian's attack.
BOUMMMMG!
The white draconian breathes frost at you.
The chilling blast hits you!!
* * * LOW HITPOINT WARNING * * *
You hear a sizzling sound!
Unknown command.
Unknown command.
You slice the purple draconian!!
The purple draconian is severely wounded.
The purple draconian breathes dispelling energy at you.
The bolt of dispelling energy hits you!!
You die...

▓....8©8..
▓..::|}[[||...▓..).[))))
▓...|.):}:}...▓..||[).)|
▓......d......▓.........
▓..d..ddd.....▓..)......
▓....dddq.....▓.).))))))
▓.....ddd.....▓.....))).
▓......)d.....▓.....(...
▓...@d..▓ ▓..▓..().▓ ▓
▓▓.....▓▓ ▓...).(...
▓..▓.......▓..▓.....©...
▓.............▓▓▓▓▓▓▓▓▓▓
▓......©......▓....8©8..
▓▓▓▓▓▓▓▓▓▓▓▓▓▓▓....|[).†
▓...))).)) ∆∆∆∆∆∆∆∆∆
▓....).... ∆∆∆∆∆∆∆∆∆
▓....))...


You could see a black draconian, 3 draconians, 3 draconians, 4 draconians, 2
draconians and a black draconian annihilator.

Vanquished Creatures
  Nikola (D)
  Rupert (D)
  A deep elf master archer (D)
  A deep elf blademaster (D)
  Louise (D)
  A very ugly thing (D)
  A spriggan defender (D)
  An apis (D)
  A yellow draconian (D)
  A white draconian (D)
  2 deep elf annihilators (D)
  A purple draconian (D)
  2 deep elf high priests (D)
  A spriggan air mage (D)
  A shambling mangrove (D)
  3 two-headed ogres (D)
  A satyr (D)
  A spriggan berserker (D)
  A fire crab (shapeshifter) (D)
  A spriggan druid (D)
  A deep elf archer (D)
  3 orc knights (D)
  7 deep elf magi (D)
  A cyclops (D)
  An orc sorcerer (D)
  An oklob plant (D)
  3 ugly things (D)
  A moth of wrath (D)
  5 draconians (D)
  A black mamba (shapeshifter) (D)
  A black mamba (D)
  2 spiny frogs (D)
  A dryad (D)
  A komodo dragon (D)
  A yaktaur (shapeshifter) (D)
  A wind drake (D)
  2 trolls (D)
  Grinder (D)
  A slime creature (D)
  A snapping turtle (shapeshifter) (D)
  A yak (D)
  A basilisk (shapeshifter) (D)
  2 golden eyes (D)
  2 wargs (D)
  A swamp worm (shapeshifter) (D)
  Edmund (D)
  2 porcupines (D)
  A water moccasin (D)
  A floating eye (shapeshifter) (D)
  A porcupine (shapeshifter) (D)
  6 orc warriors (D)
  An eye of draining (D)
  A necrophage (D)
  A phantom (D)
  4 ogres (D)
  A wolf (D)
  3 bullfrogs (D)
  A big kobold (shapeshifter) (D)
  Dowan (D)
  2 wights (D)
  A jelly (shapeshifter) (D)
  6 orc wizards (D)
  A jelly (D)
  2 orc priests (D)
  An iguana (D)
  An adder skeleton (D)
  A worm (shapeshifter) (D)
  A bat skeleton (D)
  A bat zombie (D)
  A ball python skeleton (D)
  A giant cockroach zombie (D)
  A quokka skeleton (D)
112 creatures vanquished.

Vanquished Creatures (others)
  2 foxfires (D)
2 creatures vanquished.

Grand Total: 114 creatures vanquished

Notes
Turn   | Place    | Note
-------+----------+-------------------------------------------
     0 | D        | howech the Gnoll Fire Elementalist began the quest for the
                  | Orb.
     0 | D        | Reached XP level 1. HP: 13/13 MP: 6/6
     3 | D        | Found a blossoming altar of Fedhas.
     4 | D        | Found the +6 Majin-Bo {vamp, Archmagi MP+6 Int+6}
     4 | D        | Found the +7 great mace "Firestarter" {inner flame, rF++}
     5 | D        | Found a shimmering blue altar of Sif Muna.
     5 | D        | Found a sacrificial altar of Ru.
     5 | D        | Found a bloodstained altar of Trog.
     5 | D        | Found a stormy altar of Qazlal.
     5 | D        | Found an iron altar of Okawaru.
     5 | D        | Found a sparkling altar of Nemelex Xobeh.
     7 | D        | Found a transporter.
     7 | D        | Found an ancient bone altar of Kikubaaqudgha.
     7 | D        | Found a viscous altar of Jiyva.
     7 | D        | Found a corrupted altar of Lugonu.
     7 | D        | Found a hazy altar of Hepliaklqana.
     7 | D        | Found a burning altar of Makhleb.
     7 | D        | Found an opulent altar of Gozag.
    27 | D        | Found the +9 heavy crossbow "Sniper" {vorpal, Acc+∞ SInv}
    27 | D        | Found the +10 dark maul {vorpal}
    27 | D        | Found the +15 Maxwell's patent armour {-Cast -Tele rElec
                  | MR+ rCorr}
    27 | D        | Found the +18 shield of the Gong {rElec rN+ MR+ EV-5}
    27 | D        | Found the cursed +14 obsidian axe {vorpal, +Fly SInv
                  | *Curse}
    29 | D        | Found the +6 shillelagh "Devastator" {shatter}
    29 | D        | Found the +11 plutonium sword {*Contam Stlth-}
    29 | D        | Found the +8 lance "Wyrmbane" {slay drac, rPois rF+ rC+
                  | AC+3}
    29 | D        | Found the +9 sword of Zonguldrok {reap}
    29 | D        | Found the cursed +13 scythe of Curses {drain, *Curse}
    29 | D        | Found the +0 sword of Power
    29 | D        | Found the +7 mace of Variability {chain chaos}
    29 | D        | Found the +7 Singing Sword {vorpal, sonic wave}
    29 | D        | Found the +8 storm bow {elec, penet}
    33 | D        | Became a worshipper of Warmaster Okawaru
    55 | D        | Reached skill level 5 in Dodging
    55 | D        | Reached skill level 5 in Spellcasting
    55 | D        | Reached skill level 1 in Hexes
    55 | D        | Reached skill level 1 in Charms
    55 | D        | Reached skill level 1 in Summonings
    55 | D        | Reached skill level 1 in Necromancy
    55 | D        | Reached skill level 1 in Translocations
    55 | D        | Reached skill level 1 in Transmutations
    55 | D        | Reached skill level 1 in Ice Magic
    55 | D        | Reached skill level 1 in Air Magic
    55 | D        | Reached skill level 1 in Earth Magic
    55 | D        | Reached skill level 1 in Poison Magic
    55 | D        | Reached XP level 2. HP: 22/22 MP: 6/8
    60 | D        | Entered arena 2.
    60 | D        | Noticed a slime creature
    60 | D        | Noticed a golden eye
    60 | D        | Found a transporter.
    62 | D        | Killed a golden eye
    62 | D        | Reached * piety under Okawaru
    62 | D        | Reached skill level 5 in Stealth
    62 | D        | Reached XP level 3. HP: 30/30 MP: 6/10
    62 | D        | Reached XP level 4. HP: 37/37 MP: 7/12
    62 | D        | Reached XP level 5. HP: 42/42 MP: 7/13
    64 | D        | Killed a slime creature
    64 | D        | Reached ** piety under Okawaru
    64 | D        | Reached skill level 5 in Invocations
    64 | D        | Reached XP level 6. HP: 49/49 MP: 9/16
    67 | D        | Got the +10 short sword of Mosif {vamp, rElec Int+3 Dex+4}
   111 | D        | Entered arena 3.
   111 | D        | Noticed an eye of draining
   111 | D        | Noticed a golden eye
   111 | D        | Found a transporter.
   121 | D        | Killed a golden eye
   121 | D        | Reached skill level 5 in Fighting
   121 | D        | Reached skill level 5 in Short Blades
   121 | D        | Reached skill level 5 in Long Blades
   121 | D        | Reached skill level 5 in Axes
   121 | D        | Reached skill level 5 in Maces & Flails
   121 | D        | Reached skill level 5 in Polearms
   121 | D        | Reached skill level 5 in Staves
   121 | D        | Reached skill level 5 in Slings
   121 | D        | Reached skill level 5 in Bows
   121 | D        | Reached skill level 5 in Crossbows
   121 | D        | Reached skill level 5 in Throwing
   121 | D        | Reached skill level 5 in Armour
   121 | D        | Reached skill level 5 in Shields
   121 | D        | Reached skill level 5 in Unarmed Combat
   121 | D        | Reached skill level 5 in Evocations
   121 | D        | Reached XP level 7. HP: 52/56 MP: 6/17
   127 | D        | Reached skill level 5 in Conjurations
   206 | D        | Entered arena 4.
   206 | D        | Noticed a yak
   206 | D        | Found a transporter.
   212 | D        | Killed a yak
   215 | D        | Reached skill level 5 in Hexes
   215 | D        | Reached skill level 5 in Charms
   215 | D        | Reached skill level 5 in Summonings
   215 | D        | Reached skill level 5 in Necromancy
   215 | D        | Reached skill level 5 in Translocations
   215 | D        | Reached skill level 5 in Transmutations
   215 | D        | Reached skill level 5 in Ice Magic
   215 | D        | Reached skill level 5 in Air Magic
   215 | D        | Reached skill level 5 in Earth Magic
   215 | D        | Reached skill level 5 in Poison Magic
   215 | D        | Reached XP level 8. HP: 51/64 MP: 19/19
   215 | D        | Reached *** piety under Okawaru
   238 | D        | Entered arena 5.
   238 | D        | Found a transporter.
   262 | D        | Entered arena 6.
   262 | D        | Noticed a red ugly thing
   262 | D        | Found a transporter.
   268 | D        | Killed a red ugly thing
   268 | D        | Reached XP level 9. HP: 36/72 MP: 21/21
   289 | D        | Learned a level 5 spell: Fireball
   432 | D        | Entered arena 7.
   432 | D        | Noticed a komodo dragon
   432 | D        | Noticed a spiny frog
   433 | D        | Found a transporter.
   440 | D        | Killed a spiny frog
   440 | D        | Reached **** piety under Okawaru
   441 | D        | Killed a komodo dragon
   441 | D        | Received a gift from Okawaru
   452 | D        | Got the Handbook of Poison and the Mountains
   469 | D        | Entered arena 8.
   470 | D        | Found the +2 ratskin cloak {+Rats rPois rN+ Str-1 Int-1
                  | Dex+1}
   470 | D        | Found a transporter.
   587 | D        | Entered arena 9.
   587 | D        | Noticed a yellow draconian
   587 | D        | Noticed a draconian
   587 | D        | Noticed a draconian
   587 | D        | Noticed a draconian
   587 | D        | Noticed a draconian
   587 | D        | Noticed a white draconian
   587 | D        | Noticed a draconian
   590 | D        | Found a transporter.
   594 | D        | Killed a draconian
   594 | D        | Killed a draconian
   594 | D        | Reached ***** piety under Okawaru
   594 | D        | Reached XP level 10. HP: 43/80 MP: 21/23
   594 | D        | Killed a draconian
   594 | D        | Killed a draconian
   599 | D        | Killed a draconian
   599 | D        | Reached skill level 10 in Spellcasting
   599 | D        | Killed a white draconian
   599 | D        | Received a gift from Okawaru
   599 | D        | Reached skill level 10 in Dodging
   599 | D        | Reached skill level 10 in Stealth
   602 | D        | Killed a yellow draconian
   602 | D        | Reached skill level 10 in Invocations
   611 | D        | Got a bloodstained battleaxe {god gift}
   612 | D        | Identified the +8 battleaxe of Duti {vorpal, rC++ Dex+4}
                  | (Okawaru gifted it to you in the Dungeon)
   622 | D        | Got the ring of Konafeoc {rPois rC+}
   624 | D        | Got the amulet "Femusad" {Inacc *Contam Str+7 Int+10}
   871 | D        | Entered arena 10.
   874 | D        | Found a transporter.
   888 | D        | Reached XP level 11. HP: 62/89 MP: 9/25
   904 | D        | Got the Incunabulum of the Freezing Rocks
   917 | D        | Learned a level 9 spell: Shatter
  1011 | D        | Entered arena 11.
  1011 | D        | Noticed a cyclops
  1011 | D        | Noticed a two-headed ogre
  1011 | D        | Noticed a two-headed ogre
  1011 | D        | Noticed a two-headed ogre
  1012 | D        | Found a transporter.
  1019 | D        | Killed a two-headed ogre
  1019 | D        | Received a gift from Okawaru
  1019 | D        | Killed a two-headed ogre
  1019 | D        | Reached skill level 10 in Fire Magic
  1021 | D        | Killed a two-headed ogre
  1021 | D        | Received a gift from Okawaru
  1021 | D        | Reached skill level 10 in Fighting
  1021 | D        | Reached skill level 10 in Short Blades
  1021 | D        | Reached skill level 10 in Long Blades
  1021 | D        | Reached skill level 10 in Axes
  1021 | D        | Reached skill level 10 in Maces & Flails
  1021 | D        | Reached skill level 10 in Polearms
  1021 | D        | Reached skill level 10 in Staves
  1021 | D        | Reached skill level 10 in Slings
  1021 | D        | Reached skill level 10 in Bows
  1021 | D        | Reached skill level 10 in Crossbows
  1021 | D        | Reached skill level 10 in Throwing
  1021 | D        | Reached skill level 10 in Armour
  1021 | D        | Reached skill level 10 in Shields
  1021 | D        | Reached skill level 10 in Unarmed Combat
  1021 | D        | Reached skill level 10 in Evocations
  1025 | D        | Killed a cyclops
  1154 | D        | Entered arena 12.
  1154 | D        | Noticed a swamp dragon
  1154 | D        | Noticed a purple ugly thing
  1155 | D        | Found the +12 Vampire's Tooth {vamp}
  1155 | D        | Noticed a green ugly thing
  1155 | D        | Noticed a purple very ugly thing
  1155 | D        | Noticed a fire crab
  1155 | D        | Noticed a faun
  1155 | D        | a faun changed into an elephant
  1155 | D        | a swamp dragon changed into a guardian serpent
  1155 | D        | Noticed a cyclops
  1155 | D        | a swamp worm changed into a cyclops
  1156 | D        | Found the +8 longbow "Zephyr" {speed, Dex+3 SInv}
  1157 | D        | a cyclops changed into an elephant
  1160 | D        | Found a transporter.
  1162 | D        | Killed a purple ugly thing
  1165 | D        | Killed a fire crab
  1167 | D        | Noticed an orb spider
  1167 | D        | a komodo dragon changed into an orb spider
  1169 | D        | Killed a purple very ugly thing
  1170 | D        | an orb spider changed into a yaktaur
  1178 | D        | Killed a green ugly thing
  1178 | D        | Reached XP level 12. HP: 99/99 MP: 1/27
  1318 | D        | Entered arena 13.
  1318 | D        | Noticed a spriggan air mage
  1318 | D        | Noticed a satyr
  1318 | D        | Noticed a spriggan berserker
  1319 | D        | Noticed a shambling mangrove
  1319 | D        | Noticed an apis
  1319 | D        | Noticed a spriggan defender
  1320 | D        | Found a transporter.
  1323 | D        | Killed a spriggan air mage
  1334 | D        | Killed a satyr
  1339 | D        | Killed a spriggan defender
  1339 | D        | Received a gift from Okawaru
  1344 | D        | Killed an apis
  1344 | D        | Reached skill level 10 in Conjurations
  1345 | D        | Killed a shambling mangrove
  1352 | D        | Killed a spriggan berserker
  1352 | D        | Reached skill level 10 in Hexes
  1352 | D        | Reached skill level 10 in Charms
  1352 | D        | Reached skill level 10 in Summonings
  1352 | D        | Reached skill level 10 in Necromancy
  1352 | D        | Reached skill level 10 in Translocations
  1352 | D        | Reached skill level 10 in Transmutations
  1352 | D        | Reached skill level 10 in Ice Magic
  1352 | D        | Reached skill level 10 in Air Magic
  1352 | D        | Reached skill level 10 in Earth Magic
  1352 | D        | Reached skill level 10 in Poison Magic
  1375 | D        | Got Sif Muna's Disquisition on Hurtful Changing
  1579 | D        | Entered arena 14.
  1580 | D        | Noticed Edmund
  1580 | D        | Noticed Dowan
  1581 | D        | Noticed Nikola
  1581 | D        | Noticed Rupert
  1581 | D        | Noticed Louise
  1581 | D        | Noticed Grinder
  1582 | D        | Found the +0 staff of Battle
  1582 | D        | Found a transporter.
  1585 | D        | Killed Dowan
  1588 | D        | Killed Grinder
  1589 | D        | Killed Edmund
  1593 | D        | Received a gift from Okawaru
  1600 | D        | Killed Louise
  1607 | D        | Killed Nikola
  1607 | D        | Reached ****** piety under Okawaru
  1607 | D        | Received a gift from Okawaru
  1607 | D        | Reached XP level 13. HP: 96/109 MP: 4/30
  1608 | D        | Killed Rupert
  1614 | D        | Got a smouldering hunting sling {god gift}
  1618 | D        | Identified the +4 hunting sling of the Protecting Bear
                  | {flame, Str+5 Int+4 Stlth-} (Okawaru gifted it to you in
                  | the Dungeon)
  1624 | D        | Got the ring of Pynoget {rC+ MP+9 Dex+3 Slay+3 Stlth-}
  1631 | D        | Got the amulet of Exuh {RegenMP Int+3}
  1645 | D        | Got the Papyrus of Twisted Self-Improvement
  1673 | D        | Learned a level 8 spell: Discord
  1856 | D        | Entered arena 15.
  1858 | D        | Identified the cursed +3 hand axe "Lyiblin" {vamp, rN+ MR+
                  | Stlth-}
  1859 | D        | Found a transporter.
  1870 | D        | Received a gift from Okawaru
  1948 | D        | Entered arena 16.
  1949 | D        | Noticed a deep elf blademaster
  1949 | D        | Noticed a deep elf high priest
  1949 | D        | Noticed a deep elf high priest
  1949 | D        | Noticed a deep elf annihilator
  1949 | D        | Noticed a deep elf master archer
  1952 | D        | Noticed a deep elf annihilator
  1957 | D        | Found a transporter.
  1959 | D        | Killed a deep elf annihilator
  1959 | D        | Received a gift from Okawaru
  1959 | D        | Killed a deep elf high priest
  1959 | D        | Killed a deep elf high priest
  1959 | D        | Received a gift from Okawaru
  1961 | D        | Received a gift from Okawaru
  1961 | D        | Killed a deep elf blademaster
  1962 | D        | Killed a deep elf master archer
  1962 | D        | Received a gift from Okawaru
  1962 | D        | Reached XP level 14. HP: 38/118 MP: 31/32
  1967 | D        | Killed a deep elf annihilator
  2319 | D        | Entered arena 17.
  2322 | D        | Noticed a purple draconian
  2322 | D        | Noticed a white draconian
  2322 | D        | Noticed a purple draconian
  2322 | D        | Noticed a green draconian
  2322 | D        | Noticed a red draconian
  2322 | D        | Noticed a black draconian annihilator
  2322 | D        | Noticed a purple draconian
  2322 | D        | Noticed a red draconian
  2322 | D        | Noticed a purple draconian
  2322 | D        | Noticed a red draconian
  2322 | D        | Noticed a green draconian
  2323 | D        | Identified the +8 war axe "Mavojit" {holy, rElec rPois rC-
                  | MR+++}
  2323 | D        | Noticed a white draconian
  2323 | D        | Noticed a green draconian
  2323 | D        | Noticed a red draconian
  2323 | D        | Noticed a black draconian
  2330 | D        | Killed a purple draconian
  2331 | D        | Killed from afar by a purple draconian

Illustrated notes

Levels and vault maps discovered:
D:        sprint_v [room_start, room_1, room_2, room_3, room_4, room_5, room_6,
          room_7, room_8, room_9, room_10, room_11, room_12, room_13, room_14,
          room_15, room_16, room_17, room_18, room_19, room_20, room_21,
          room_22, room_23, room_24, room_25, room_26, room_27]

Skill      XL: |  1  2  3  4  5  6  7  8  9 10 11 12 13 |
---------------+----------------------------------------+-----
Fighting       | 2 3 4 5 6 7 8 9 10 12 13 | 13.6
Short Blades   | 2 3 4 5 6 7 8 9 10 12 13 | 13.6
Long Blades    | 2 3 4 5 6 7 8 9 10 12 13 | 13.6
Axes           | 2 3 4 5 6 7 8 9 10 12 13 | 13.6
Maces & Flails | 2 3 4 5 6 7 8 9 10 12 13 | 13.6
Polearms       | 2 3 4 5 6 7 8 9 10 12 13 | 13.6
Staves         | 2 3 4 5 6 7 8 9 10 12 13 | 13.6
Slings         | 2 3 4 5 6 7 8 9 10 12 13 | 13.6
Bows           | 2 3 4 5 6 7 8 9 10 12 13 | 13.6
Crossbows      | 2 3 4 5 6 7 8 9 10 12 13 | 13.6
Throwing       | 2 3 4 5 6 7 8 9 10 12 13 | 13.6
Armour         | 2 3 4 5 6 7 8 9 10 12 13 | 13.6
Dodging        | 5 6 7 8 9 10 11 13 14 | 14.2
Shields        | 2 3 4 5 6 7 8 9 10 12 13 | 13.6
Unarmed Combat | 2 3 4 5 6 7 8 9 10 12 13 | 13.6
Spellcasting   | 5 6 7 8 9 10 11 13 14 | 14.4
Conjurations   | 2 3 4 5 6 7 8 9 10 11 | 11.9
Hexes          | 1 3 4 5 6 7 9 10 11 | 11.7
Charms         | 1 3 4 5 6 7 9 10 11 | 11.7
Summonings     | 1 3 4 5 6 7 9 10 11 | 11.7
Necromancy     | 1 3 4 5 6 7 9 10 11 | 11.7
Translocations | 1 3 4 5 6 7 9 10 11 | 11.7
Transmutations | 1 3 4 5 6 7 9 10 11 | 11.7
Ice Magic      | 1 3 4 5 6 7 9 10 11 | 11.7
Air Magic      | 1 3 4 5 6 7 9 10 11 | 11.7
Earth Magic    | 1 3 4 5 6 7 9 10 11 | 11.7
Poison Magic   | 1 3 4 5 6 7 9 10 11 | 11.7
Invocations    | 2 4 5 6 7 9 10 11 13 14 | 14.7
Evocations     | 2 3 4 5 6 7 8 9 10 12 13 | 13.6
Stealth        | 5 6 7 8 9 10 11 12 14 | 14.2
Fire Magic     | 6 7 8 9 10 11 12 | 12.8

Action                   |  1- 3 |  4- 6 |  7- 9 | 10-12 | 13-15 || total
-------------------------+-------+-------+-------+-------+-------++-------
Melee: Double sword      |     1 |     5 |    29 |    89 |    29 ||   153
       Bite              |       |     2 |     1 |    13 |     1 ||    17
 Cast: Fireball          |       |       |       |    13 |     4 ||    17
       Foxfire           |       |       |       |     1 |       ||     1
Invok: Heroism           |       |       |     2 |     5 |     3 ||    10
       Finesse           |       |       |       |     5 |     3 ||     8
Evoke: Wand              |       |       |     2 |       |       ||     2
  Use: Potion            |     1 |     1 |     2 |     6 |     1 ||    11
       Scroll            |       |       |       |     1 |     2 ||     3
 Stab: Invisible         |       |       |     2 |       |       ||     2
       Sleeping          |       |       |     2 |       |       ||     2
  Eat: Chunk             |       |       |       |     4 |     2 ||     6
Armor: Fire dragon scale |       |     1 |     7 |     6 |     4 ||    18
Dodge: Dodged            |       |     3 |     2 |     8 |     1 ||    14
Block: Kite shield       |     1 |     5 |    29 |    60 |    24 ||   119
       Rpst.: Double sword |       |       |       |     2 |       ||     2
